Map: Pendiente de Agustín EE

Players

Leev

  • Race: Zerg Zerg
  • League: Diamond
  • Spawn Location: 12:00

david

  • Race: Zerg Zerg
  • Spawn Location: 11:00

REX

  • Race: Protoss Protoss
  • League: Gold
  • Spawn Location: 12:00

MrFercho

  • Race: Terran Terran
  • League: Silver
  • Spawn Location: 6:00

tigro

  • Race: Terran Terran
  • League: Bronze
  • Spawn Location: 5:00

TATORREA

  • Race: Protoss Protoss
  • League: Silver
  • Spawn Location: 6:00

VOD

Have the link to the VOD?

Description

Time

  • Played on: June 2, 2020, 10:55 p.m.
  • Length: 15:51
Show
View Real Time Build Order
Export as new Build Order

Leev Zerg 

Build Orders: Hatch First, Muta Ling Bane 

Get SALT Encoding   

  12  0:01  Drone  
  13  0:08  Drone  
  14  0:16  Overlord  
  14  0:35  Drone x2  
  16  0:38  Drone  
  17  0:58  Drone  
  17  0:59  Drone  
  17  1:02  Hatchery  
  18  1:15  Spawning Pool  
  18  1:16  Extractor  
  18  1:17  Drone  
  17  1:21  Drone  
  18  1:29  Drone  
  19  1:43  Drone  
  20  1:51  Overlord  
  20  2:22  Queen, Drone x2  
  24  2:23  Metabolic Boost  
  24  2:29  Drone  
  26  2:30  Drone  
  26  2:31  Queen  
  28  2:45  Drone x2  
  28  2:46  Drone  
  28  2:51  Extractor  
  30  2:53  Zergling x4  
  32  3:16  Lair  
  32  3:18  Drone x2  
  34  3:23  Extractor, Drone  
  34  3:25  Extractor  
  34  3:27  Zergling x6  
  34  3:33  Baneling Nest  
  35  3:46  Drone  
  35  3:47  Overlord  
  35  3:48  Overlord  
  36  3:55  Overlord x2  
  36  3:59  Overlord x2  
  36  4:09  Hatchery  
  35  4:24  Drone x5, Spire  
  37  4:25  Drone x2  
  37  4:26  Drone  
  37  4:30  Drone x3  
  45  4:34  Drone  
  46  4:45  Drone  
  47  4:57  Drone  
  47  4:59  Drone x2  
  50  5:02  Drone x4  
  54  5:25  Drone x2  
  54  5:26  Drone x3  
  59  5:37  Mutalisk  
  59  5:38  Mutalisk x6  
  73  5:47  Extractor  
  73  5:48  Extractor  
  71  5:50  Drone x2  
  73  6:00  Overlord  
  73  6:01  Overlord  
  73  6:02  Mutalisk  
  75  6:04  Mutalisk  
  75  6:06  Overlord  
  75  6:07  Mutalisk  
  79  6:20  Infestation Pit  
  79  6:21  Drone  
  79  6:25  Mutalisk  
  81  6:26  Overlord  
  81  6:27  Overlord  
  81  6:29  Drone x3  
  84  6:34  Queen  
  82  8:11  Mutalisk  
  82  8:12  Mutalisk x5  
  94  8:35  Mutalisk x2  
  92  9:21  Drone x2  
  92  9:22  Drone  
  95  9:28  Mutalisk  
  95  9:29  Mutalisk x2  
  101  9:37  Baneling Nest  
  100  9:39  Centrifical Hooks  
  101  9:48  Drone x2  
  101  9:49  Mutalisk  
  101  9:51  Mutalisk  
  101  9:52  Mutalisk x11  
  109  9:58  Pneumatized Carapace  
  129  10:08  Zergling x2  
  129  10:10  Overlord  
  129  10:11  Overlord  
  129  10:13  Overlord  
  128  10:40  Hatchery  
  127  10:47  Zergling x2  
  127  10:48  Zergling x8  
  132  10:51  Zergling x4  
  132  10:52  Zergling x4, Hatchery  
  132  10:56  Zergling x2  
  136  10:57  Zergling x12  
  136  11:00  Zergling x2  
  136  11:01  Zergling x6  
  146  11:09  Overseer  
  146  11:10  Overseer x2  
  145  11:12  Hive  
  145  11:19  Zergling x4  
  145  11:20  Mutalisk  
  145  11:24  Mutalisk  
  151  11:26  Mutalisk  
  151  11:28  Overlord  
  151  11:29  Overlord x2  
  153  11:35  Baneling  
  153  11:36  Baneling x20  
  153  11:42  Zergling x2  
  111  12:53  Zergling x16  
  111  12:56  Zergling x24  
  131  13:03  Queen  
  131  13:04  Drone x3  
  86  13:44  Drone x3  
  86  13:47  Extractor  
  88  13:49  Extractor  
  88  13:53  Mutalisk x8  
  88  13:54  Mutalisk x3  
  109  13:56  Zergling x2  
  109  13:57  Zergling x8  
  109  13:58  Adrenal Glands  
  109  14:02  Ultralisk Cavern  
  113  14:16  Zergling x2  
  95  14:17  Zergling x2  
  95  14:21  Zergling x2  
  95  14:22  Zergling x2  
  98  14:27  Drone  
  98  14:28  Drone x4  
  103  14:34  Drone  
  103  14:36  Zergling x4, Drone  
  103  14:37  Zergling x2  
  108  14:44  Queen  
  108  14:45  Drone x3  
  113  14:49  Anabolic Synthesis  
  119  14:53  Ultralisk x6  
  119  14:57  Ultralisk  
  119  14:58  Ultralisk  
  119  14:59  Overlord x5  
  161  15:07  Extractor  
  161  15:09  Drone x2  
  161  15:11  Extractor  
Show
View Real Time Build Order
Export as new Build Order

david Zerg 

Build Orders: Pool First 

Get SALT Encoding   

  12  0:03  Drone  
  13  0:08  Drone  
  14  0:18  Overlord  
  14  0:49  Drone x3  
  17  1:01  Spawning Pool  
  16  1:11  Extractor  
  15  1:31  Hatchery, Drone x3  
  17  1:51  Overlord  
  17  2:05  Zergling x4  
  19  2:10  Hatchery  
  18  2:18  Extractor  
  17  3:07  Lair  
  17  3:09  Zergling x6  
  17  3:11  Zergling x2  
  17  3:12  Zergling x4  
  23  3:27  Spine Crawler  
  23  3:33  Zergling x2  
  23  3:35  Zergling x2  
  25  3:48  Drone x3  
  25  3:51  Drone x3  
  30  4:02  Drone x2  
  32  4:07  Overlord  
  32  4:15  Extractor  
  31  4:18  Drone  
  32  4:24  Hydralisk Den  
  32  4:27  Drone x2  
  33  4:37  Drone x2  
  33  4:38  Drone  
  36  4:49  Spine Crawler  
  35  4:53  Hydralisk  
  35  4:55  Hydralisk  
  35  4:56  Hydralisk  
  41  5:06  Hydralisk  
  43  5:13  Drone x2  
  45  5:24  Drone x2  
  47  5:43  Hydralisk  
  47  5:49  Overlord  
  49  5:59  Drone  
  50  6:28  Hydralisk x3  
  50  6:29  Hatchery  
  55  6:34  Hydralisk  
  56  6:42  Evolution Chamber  
  37  7:07  Drone x3  
  39  7:10  Drone x3  
  42  7:25  Drone  
  43  7:47  Drone  
  43  7:48  Drone x2  
  46  7:51  Hydralisk  
  46  7:55  Hydralisk x2  
  51  8:07  Extractor  
  44  8:41  Drone x2  
  46  9:02  Drone x3  
  49  9:09  Hydralisk  
  51  9:22  Hatchery  
  50  9:26  Extractor  
  50  9:28  Extractor  
  50  9:30  Drone  
  49  9:35  Hydralisk  
  50  9:39  Overlord x2  
  48  9:54  Drone  
  48  9:56  Drone x2  
  48  9:57  Drone  
  52  10:09  Drone  
  53  10:22  Hydralisk x3  
  59  10:43  Drone  
  60  10:51  Hydralisk  
  60  10:53  Hydralisk  
  64  11:03  Drone x2  
  64  11:04  Drone  
  67  11:23  Drone x3  
  70  11:32  Hydralisk x2  
  74  11:53  Overlord x2  
  63  12:19  Hydralisk x3  
  35  12:47  Hydralisk x2  
  35  12:48  Hydralisk  
  35  12:51  Hydralisk  
  31  12:58  Hydralisk x2  
  35  13:05  Drone  
  35  13:12  Drone  
  37  13:15  Hydralisk x2  
  41  13:26  Drone  
  43  13:48  Drone  
  43  13:53  Hydralisk  
  45  13:57  Drone x2  
  47  14:16  Hydralisk  
  47  14:21  Hydralisk  
  51  14:30  Drone x2  
  53  14:36  Drone  
  44  15:17  Hydralisk x3  
  44  15:20  Hydralisk x3  
  52  15:37  Drone  
Show
View Real Time Build Order
Export as new Build Order

REX Protoss 

Build Orders: Carriers 

Get SALT Encoding   

  12  0:11  Pylon  
  12  0:13  Probe (Chrono Boost)  
  13  0:31  Forge  
  13  0:33  Probe  
  14  0:53  Pylon  
  14  0:58  Probe  
  15  1:15  Photon Cannon  
  15  1:16  Photon Cannon  
  15  1:23  Gateway, Probe  
  16  1:28  Assimilator  
  16  1:44  Probe  
  17  2:00  Probe (Chrono Boost)  
  18  2:13  Nexus  
  18  2:14  Assimilator, Probe (Chrono Boost)  
  19  2:32  Cybernetics Core  
  19  2:39  Zealot (Chrono Boost)  
  21  2:46  Probe  
  22  2:58  Probe  
  23  3:08  Warp Gate  
  23  3:10  Probe  
  24  3:16  Twilight Council  
  24  3:19  Gateway  
  24  3:22  Probe  
  24  3:26  Probe  
  28  3:34  Probe, Zealot  
  29  3:45  Assimilator  
  29  3:46  Probe  
  30  3:52  Charge  
  30  3:58  Probe  
  30  4:02  Dark Shrine  
  31  4:05  Probe  
  32  4:10  Probe  
  33  4:22  Pylon, Probe  
  34  4:25  Probe  
  35  4:31  Zealot x2  
  35  4:37  Probe x2  
  41  4:41  Assimilator  
  41  4:54  Robotics Facility  
  41  5:04  Gateway  
  41  5:09  Stargate x2  
  41  5:18  Probe  
  41  5:20  Probe  
  43  5:28  Pylon  
  43  5:30  Pylon, Probe, Dark Templar x2  
  43  5:32  Probe  
  49  5:42  Immortal  
  53  5:52  Probe  
  53  5:55  Probe  
  55  6:04  Probe  
  55  6:07  Probe  
  57  6:17  Fleet Beacon  
  57  6:18  Pylon  
  57  6:21  Observer  
  57  6:22  Sentry  
  60  6:45  Observer  
  61  6:59  Nexus  
  61  7:01  Assimilator  
  61  7:02  Stalker  
  61  7:03  Stalker x2, Assimilator  
  67  7:20  Pylon  
  67  7:27  Carrier  
  73  7:34  Pylon  
  73  7:38  Carrier  
  73  7:39  Probe (Chrono Boost)  
  73  7:43  Probe (Chrono Boost)  
  82  7:55  Photon Cannon, Probe (Chrono Boost)  
  82  7:56  Probe (Chrono Boost)  
  82  7:57  Photon Cannon  
  83  8:00  Probe (Chrono Boost)  
  83  8:01  Photon Cannon  
  83  8:05  Photon Cannon  
  84  8:06  Probe  
  84  8:09  Probe  
  84  8:11  Probe  
  87  8:18  Probe  
  88  8:21  Probe  
  88  8:23  Probe  
  90  8:27  Pylon  
  90  8:30  Probe  
  91  8:35  Probe  
  91  8:38  Carrier  
  98  8:42  Carrier, Probe  
  98  8:47  Probe  
  106  8:52  Dark Templar x3  
  106  8:54  Probe  
  113  8:59  Probe  
  114  9:09  Pylon  
  114  9:12  Pylon  
  114  9:15  Pylon  
  114  9:18  Pylon  
  114  9:20  Stargate  
  114  9:21  Pylon  
  114  9:23  Robotics Facility  
  114  9:26  Robotics Bay  
  114  9:42  Carrier  
  120  9:47  Carrier  
  126  10:01  Cybernetics Core  
  126  10:08  Photon Cannon  
  126  10:12  Photon Cannon  
  126  10:15  Photon Cannon  
  126  10:18  Photon Cannon  
  126  10:22  Photon Cannon  
  126  10:23  Photon Cannon  
  126  10:24  Colossus  
  132  10:44  Carrier  
  138  11:05  Extended Thermal Lance  
  138  11:12  Observer  
  139  11:22  Nexus  
  139  11:24  Assimilator  
  139  11:29  Assimilator  
  145  11:41  Carrier  
  145  11:42  Carrier  
  157  11:51  Stargate  
  157  11:52  Stargate  
  157  11:58  Pylon  
  157  12:00  Pylon  
  157  12:02  Pylon  
  147  12:19  Dark Templar x3  
  153  12:23  Carrier  
  153  12:45  Gravitic Boosters  
  153  12:46  Carrier  
  159  12:56  Carrier x2  
  171  13:28  Carrier x2  
  153  14:37  Carrier x3  
  153  14:38  Carrier x2  
  183  14:43  Observer  
  172  15:11  Zealot x3  
Show
View Real Time Build Order
Export as new Build Order

MrFercho Terran 

Build Orders: 2 Factory, Command Center First (CC) 

Get SALT Encoding   

  12  0:13  SCV  
  13  0:25  SCV  
  14  0:43  SCV  
  15  0:56  Command Center  
  15  1:08  Supply Depot  
  15  1:11  Refinery  
  15  1:30  SCV  
  16  1:41  Barracks  
  16  1:42  SCV  
  17  1:49  Supply Depot  
  18  1:54  SCV  
  18  2:06  SCV  
  19  2:12  SCV  
  20  2:18  SCV  
  20  2:22  Refinery  
  21  2:25  SCV  
  22  2:30  SCV  
  22  2:33  Engineering Bay  
  22  2:35  Engineering Bay  
  23  2:40  Factory  
  23  2:49  Barracks Reactor  
  23  2:50  SCV  
  24  2:51  SCV  
  25  3:02  SCV  
  26  3:24  Factory Tech Lab  
  26  3:29  Factory  
  26  3:48  Starport  
  26  3:52  Widow Mine  
  28  3:57  Marine x2  
  30  4:12  SCV x2  
  30  4:14  Widow Mine  
  30  4:15  Marine x2  
  36  4:21  Refinery  
  36  4:24  SCV x2  
  38  4:32  Marine  
  38  4:33  Marine  
  38  4:35  Widow Mine  
  38  4:37  Orbital Command  
  42  4:42  Orbital Command  
  42  4:50  Marine x2  
  44  4:57  Starport Tech Lab  
  44  4:58  Factory Reactor  
  44  5:04  Starport  
  44  5:10  Armory  
  44  5:40  Cloaking Field  
  44  5:42  Armory  
  44  5:43  Starport Tech Lab  
  44  5:52  Supply Depot  
  44  5:53  Supply Depot x2  
  44  5:57  Supply Depot  
  44  6:03  Banshee  
  48  6:04  SCV x2  
  49  6:16  SCV x2  
  51  6:18  Refinery  
  51  6:28  SCV x2  
  53  6:40  SCV  
  53  6:44  Banshee  
  53  6:46  Banshee  
  60  6:51  Hyperflight Rotors  
  60  6:52  SCV  
  61  6:56  Terran Ship Weapons Level 1  
  61  7:04  SCV  
  62  7:24  Missile Turret  
  62  7:25  Missile Turret  
  62  7:27  Banshee  
  65  7:36  Terran Vehicle And Ship Armor Level 1  
  65  7:46  Missile Turret  
  65  7:47  Missile Turret  
  40  8:22  Viking x2  
  34  8:51  SCV x2, Missile Turret x2  
  34  8:52  Viking x2  
  34  8:53  Missile Turret  
  34  8:54  Missile Turret  
  40  9:03  SCV x2  
  42  9:15  SCV x2  
  44  9:19  Widow Mine x2  
  44  9:20  Widow Mine  
  44  9:22  Viking  
  52  9:36  SCV x2  
  54  9:40  Widow Mine  
  54  9:41  Widow Mine  
  50  9:48  SCV x2  
  52  10:30  Viking  
  52  10:31  Viking  
  48  11:00  Viking  
  48  11:01  Viking  
  52  11:23  Widow Mine x3  
  58  11:30  Viking x2  
  62  11:44  Widow Mine  
  62  11:45  Widow Mine x2  
  68  11:47  SCV  
  69  11:59  SCV  
  69  12:00  Viking x2  
  70  12:05  Widow Mine  
  70  12:06  Widow Mine x2  
  47  12:11  SCV  
  38  12:24  SCV  
  38  12:27  Widow Mine  
  41  12:31  Widow Mine x2  
  41  12:36  SCV  
  46  12:48  Widow Mine  
  44  12:52  Widow Mine x2  
  46  13:09  Widow Mine  
  48  13:13  Widow Mine  
  48  13:14  Widow Mine  
  52  13:31  Widow Mine  
  50  13:35  Widow Mine x2  
  54  13:52  Widow Mine  
  56  13:56  Widow Mine  
  56  13:57  Widow Mine  
  60  14:14  Widow Mine  
  56  14:18  Widow Mine  
Show
View Real Time Build Order
Export as new Build Order

tigro Terran 

Build Orders:  

Get SALT Encoding   

  12  0:02  SCV  
  13  0:14  SCV  
  14  0:22  Supply Depot  
  14  0:26  SCV  
  15  0:34  Refinery  
  15  0:44  SCV  
  16  0:54  Barracks  
  16  0:58  SCV  
  17  1:10  SCV  
  18  1:11  Refinery  
  18  1:23  SCV  
  19  1:33  Supply Depot  
  19  1:35  SCV  
  20  1:44  Marine  
  21  1:47  SCV  
  22  1:59  SCV  
  23  2:01  Marine  
  24  2:08  Barracks  
  24  2:11  SCV  
  25  2:19  Marine  
  25  2:20  Engineering Bay  
  26  2:26  SCV  
  27  2:37  Marine  
  28  2:44  Orbital Command  
  28  2:55  Marine  
  29  2:59  Barracks Tech Lab  
  29  3:14  Factory  
  29  3:25  Barracks Tech Lab  
  29  3:26  Combat Shield  
  29  3:30  Marine  
  29  3:32  Command Center  
  30  3:45  Stimpack  
  30  3:47  Marine  
  31  3:49  Marine  
  32  4:05  Marine  
  32  4:07  Marine  
  34  4:21  Terran Infantry Armor Level 1  
  34  4:25  Marine  
  35  4:34  Factory Tech Lab  
  35  4:40  Refinery  
  35  4:45  Concussive Shells  
  35  4:51  SCV  
  36  4:57  Refinery  
  36  5:03  SCV  
  37  5:15  Starport, SCV  
  38  5:22  SCV  
  38  5:27  SCV  
  40  5:36  Siege Tank  
  40  5:39  SCV  
  44  5:50  Marine x2  
  44  5:53  Starport  
  46  5:59  Medivac  
  48  6:08  Marine x2  
  50  6:15  Neosteel Armor  
  50  6:26  Marine x2  
  50  6:29  Medivac  
  50  6:32  Armory  
  54  6:36  Starport Tech Lab  
  54  6:43  Siege Tank  
  54  6:44  Marine x2  
  59  6:52  Planetary Fortress  
  55  7:01  Marine  
  55  7:02  Marine  
  50  7:20  Fusion Core  
  35  7:40  Viking  
  35  7:41  Starport Tech Lab  
  30  7:56  Terran Infantry Weapons Level 1  
  30  8:01  SCV  
  30  8:05  SCV  
  32  8:10  Viking  
  34  8:13  SCV  
  34  8:16  Missile Turret  
  34  8:17  SCV  
  36  8:25  SCV  
  37  8:29  SCV  
  38  8:37  SCV  
  40  8:41  Missile Turret, SCV  
  40  8:49  SCV  
  40  8:53  SCV  
  40  9:20  SCV  
  41  9:32  SCV  
  42  9:45  SCV  
  43  9:50  Hi-Sec Auto Tracking  
  43  9:54  Missile Turret  
  43  9:57  SCV  
  44  10:05  Medivac  
  46  10:09  SCV  
  46  10:10  Weapon Refit  
  47  10:15  Missile Turret  
  47  10:21  SCV  
  48  10:27  Marine  
  49  10:33  SCV  
  50  10:36  Missile Turret  
  50  10:45  Marine, SCV  
  50  10:47  Battlecruiser  
  58  10:57  SCV  
  58  11:03  Terran Infantry Weapons Level 2, Marine  
  60  11:05  Missile Turret  
  60  11:09  SCV  
  61  11:19  Drilling Claws  
  61  11:20  Marine  
  62  11:26  Missile Turret  
  62  11:37  Supply Depot  
  62  11:47  Missile Turret  
  62  11:50  Rapid Reignition System  
  62  11:59  Battlecruiser, Widow Mine  
  62  12:00  Supply Depot  
  68  12:35  Thor  
  52  12:56  Marine x2  
  53  13:04  Battlecruiser  
  59  13:14  Marine x2  
  59  13:18  Thor, Terran Infantry Armor Level 2  
  65  13:31  Marine  
  65  13:32  Marine  
  65  13:49  Marine x2  
  67  14:00  Thor  
  67  14:01  Medivac  
  67  14:07  Marine x2  
  67  14:08  Battlecruiser  
  61  14:25  Marine x2  
  63  14:31  Battlecruiser  
  69  14:43  Thor, Marine x2  
  77  15:00  Marine  
  77  15:02  Marine  
  71  15:18  Marine  
  71  15:20  Marine  
Show
View Real Time Build Order
Export as new Build Order

TATORREA Protoss 

Build Orders:  

Get SALT Encoding   

  12  0:01  Probe  
  13  0:30  Probe  
  13  0:31  Pylon  
  14  0:43  Probe  
  15  1:01  Gateway  
  15  1:02  Gateway  
  15  1:04  Gateway  
  15  1:05  Probe  
  16  1:18  Probe  
  17  1:22  Assimilator  
  17  1:30  Probe  
  18  1:42  Probe  
  19  1:56  Cybernetics Core  
  19  2:03  Nexus  
  19  2:07  Probe  
  20  2:15  Assimilator  
  20  2:20  Probe  
  21  2:43  Probe  
  22  2:50  Warp Gate  
  22  2:55  Probe  
  22  3:14  Pylon  
  22  3:17  Pylon  
  22  3:20  Pylon  
  22  3:24  Probe x2  
  24  3:28  Zealot x2 (Chrono Boost)  
  24  3:29  Zealot (Chrono Boost)  
  24  3:31  Forge  
  30  3:37  Probe x2  
  32  3:46  Twilight Council  
  32  3:53  Stargate  
  32  3:55  Probe  
  33  3:56  Probe  
  34  4:05  Protoss Ground Weapons Level 1  
  34  4:06  Stargate  
  34  4:09  Probe x2  
  36  4:23  Probe x2  
  38  4:34  Assimilator  
  38  4:35  Probe x2  
  40  5:00  Probe  
  40  5:01  Probe  
  42  5:12  Assimilator, Probe  
  42  5:13  Probe  
  44  5:17  Zealot x3  
  44  5:19  Protoss Air Weapons Level 1  
  50  5:22  Oracle x2  
  50  5:25  Probe  
  50  5:27  Probe  
  58  5:37  Probe  
  58  5:40  Probe  
  60  5:47  Charge (Chrono Boost)  
  60  5:49  Probe  
  61  6:14  Pylon  
  61  6:18  Pylon  
  61  6:24  Probe  
  62  6:28  Pylon  
  62  6:32  Pylon, Probe  
  63  6:35  Pylon  
  63  6:39  Pylon  
  63  6:42  Pylon  
  63  6:46  Pylon  
  63  6:49  Nexus  
  63  7:19  Probe x2  
  65  7:24  Void Ray x2  
  73  7:31  Probe x2  
  75  7:43  Probe x2  
  77  7:44  Templar Archives  
  77  7:45  Zealot x3  
  39  8:58  Phoenix  
  39  8:59  Phoenix  
  36  9:06  Stalker x2  
  36  9:07  Stalker  
  39  9:13  Psionic Storm  
  39  9:23  Probe x2  
  41  9:28  Probe  
  42  9:31  Phoenix x2  
  42  9:35  Probe  
  42  9:36  Probe  
  42  9:37  Protoss Ground Weapons Level 2  
  48  9:40  Probe  
  48  9:44  Stalker  
  48  9:45  Stalker x2  
  55  9:47  Probe  
  55  9:48  Probe  
  55  9:51  Blink  
  55  9:52  Probe  
  58  9:56  Phoenix x2  
  58  9:59  Probe  
  63  10:00  Probe  
  63  10:04  Probe  
  63  10:05  Assimilator  
  65  10:09  Assimilator  
  65  10:11  Probe  
  65  10:12  Probe  
  67  10:16  Probe  
  68  10:23  Probe  
  68  10:28  Pylon  
  69  10:33  Gateway  
  69  10:37  Gateway  
  69  10:38  Gateway  
  69  10:42  Gateway  
  69  10:45  Gateway  
  69  10:48  Fleet Beacon  
  69  10:49  Probe x3  
  72  10:50  Robotics Facility  
  72  10:52  Robotics Facility  
  72  11:01  Probe x3  
  75  11:13  Probe x3  
  75  11:15  Void Ray x2  
  87  11:25  Probe x2  
  87  11:29  Probe  
  89  11:37  Probe  
  89  11:38  Probe  
  91  11:41  Probe  
  92  11:49  Robotics Bay, Warp Prism, Probe  
  92  11:50  Probe  
Tags
 
Add a new tag
Caveats
  • Supply blocks, unpowered buildings, or Contaminate may cause inaccurate times.
  • Supply counts are checked every 10 seconds.